 Dungeon Crawl Stone Soup version 0.31-a0-145-g046c7d2549 (webtiles) character file.

Game seed: 14806512660031629998

40217 NoAnimeNoLife the Geomancer (level 14, 83/83 HPs)
             Began as a Gargoyle Earth Elementalist on June 4, 2023.
             Was a High Priest of Vehumet.
             Quit the game on level 4 of the Lair of Beasts.
             The game lasted 00:17:55 (18514 turns).

NoAnimeNoLife the Geomancer (GrEE)                 Turns: 18514, Time: 00:17:56

Health: 83/83      AC: 26    Str:  9    XL:     14   Next: 10%
Magic:  38/38      EV: 16    Int: 27    God:    Vehumet [*****.]
Gold:   519        SH:  4    Dex: 10    Spells: 23/35 levels left

rFire   . . .        P - staff of conjuration
rCold   . . .        a - +1 buckler of Indecent Exposure {Harm Will+ Str-3 Slay+2}
rNeg    + . .        M - +0 acid dragon scales
rPois   ∞            f - +2 helmet
rElec   +            E - +0 cloak {rPois}
rCorr   +            (no gloves)
SInv    .            s - +2 pair of boots
Will    ++...        u - amulet of magic regeneration
Stlth   +++          W - ring of Cesemerch {EV+5 Int+2}
HPRegen 0.33/turn    V - ring "Mit Bijo" {MP+9 Int+4}
MPRegen 0.66/turn

%: harm (+30% outgoing, +20% incoming)
@: flying, studying Long Blades
A: sickness immunity, AC +10, big wings, negative energy resistance 1,
electricity resistance, torment resistance 1, petrification resistance
a: Renounce Religion


You were on level 4 of the Lair of Beasts.
You worshipped Vehumet.
Vehumet was extremely pleased with you.
You visited 3 branches of the dungeon, and saw 17 of its levels.

You collected 1154 gold pieces.
You spent 635 gold pieces at shops.

Inventory:

Missiles
 g - 33 poisoned darts
 x - 2 throwing nets
 D - 12 curare-tipped darts
Armour
 a - the +1 buckler of Indecent Exposure (worn) {Harm Will+ Str-3 Slay+2}
   (You acquired it on level 2 of the Lair of Beasts)

   Str:       It affects your strength (-3).
   Slay:      It affects your accuracy & damage with ranged weapons and melee
   (+2).
   Harm:      It increases damage dealt and taken.
   Will:      It increases your willpower.
 f - a +2 helmet (worn)
 s - a +2 pair of boots (worn)
 E - a +0 cloak of poison resistance (worn)
 M - +0 acid dragon scales (worn)
Magical Staves
 N - a staff of earth
 P - a staff of conjuration (weapon)
Jewellery
 i - a ring of willpower
 u - an amulet of magic regeneration (around neck)
 y - a ring of see invisible
 C - a ring of magical power
 V - the ring "Mit Bijo" (right hand) {MP+9 Int+4}
   (You bought it in a shop on level 1 of the Dungeon)

   [ring of magical power]

   Int:       It affects your intelligence (+4).
   MP:        It affects your magic capacity (+9).
 W - the ring of Cesemerch (left hand) {EV+5 Int+2}
   (You found it on level 11 of the Dungeon)

   [ring of evasion]

   EV:        It affects your evasion (+5).
   Int:       It affects your intelligence (+2).
Wands
 t - a wand of digging (7)
 w - a wand of charming (7)
 G - a wand of flame (64)
 O - a wand of roots (11)
 Q - a wand of mindburst (7)
 U - a wand of acid (11)
Scrolls
 c - a scroll of brand weapon
 j - a scroll of identify
 o - 2 scrolls of amnesia
 v - 3 scrolls of fog
 A - 12 scrolls of teleportation
 B - 2 scrolls of silence
 F - 3 scrolls of immolation
 K - 3 scrolls of fear
 R - a scroll of poison
 Z - a scroll of vulnerability
Potions
 b - 2 potions of magic
 d - a potion of berserk rage {unknown}
 e - a potion of brilliance
 h - 9 potions of attraction
 k - 2 potions of might
 l - 4 potions of curing
 m - a potion of resistance
 n - 2 potions of enlightenment
 p - 2 potions of ambrosia
 q - 3 potions of mutation
 r - a potion of cancellation
 z - a potion of lignification {unknown}
 H - a potion of invisibility
 S - 2 potions of haste
 Y - a potion of heal wounds {unknown}
Miscellaneous
 I - a phantom mirror


   Skills:
 - Level 7.6 Fighting
 - Level 7.6 Armour
 - Level 5.0 Dodging
 - Level 7.2 Stealth
 + Level 11.0 Spellcasting
 - Level 11.1 Conjurations
 - Level 0.7 Transmutations
 + Level 14.8 Earth Magic
 - Level 5.4 Evocations


You had 23 spell levels left.
You knew the following spells:

 Your Spells              Type           Power      Damage    Failure   Level
a - Sandblast             Erth           100%       2d20      0%          1
b - Stone Arrow           Conj/Erth      100%       3d13      1%          3
c - Mephitic Cloud        Conj/Pois/Air  51%        N/A       1%          3
d - Lee's Rapid Deconstr  Erth           38%        3d19*     1%          5

Your spell library contained the following spells:

 Spells                   Type           Power      Damage    Failure   Level
 Eringya's Noxious Bog    Tmut/Pois      8%         N/A       95%         6
 Passwall                 Tmut/Erth      45%        N/A       1%          2
 Fulminant Prism          Conj/Hex       30%        3d15      2%          4
 Iskenderun's Mystic Bla  Conj/Tloc      61%        2d13      2%          4
 Petrify                  Tmut/Erth      54%        N/A       3%          4
 Poisonous Vapours        Pois/Air       28%        N/A       4%          2
 Volatile Blastmotes      Fire/Tloc      28%        2d12      8%          3
 Necrotise                Necr           56%        1d6       10%         1
 Summon Small Mammal      Summ           56%        N/A       10%         1
 Wereblood                Tmut           18%        N/A       11%         2
 Ensorcelled Hibernation  Hex/Ice        28%        N/A       14%         2
 Freezing Cloud           Conj/Ice/Air   25%        6-21      16%         5
 Call Canine Familiar     Summ           14%        N/A       28%         3
 Gell's Gravitas          Tloc           14%        N/A       28%         3
 Summon Guardian Golem    Hex/Summ       14%        N/A       28%         3
 Swiftness                Air            14%        N/A       28%         3
 Teleport Other           Tloc           14%        N/A       28%         3
 Vampiric Draining        Necr           14%        2d7       28%         3
 Animate Dead             Necr           14%        N/A       67%         4
 Agony                    Necr           14%        N/A       95%         5
 Dispersal                Tloc           7%         N/A       100%        6
 Storm Form               Tmut/Air       8%         N/A       100%        7
 Statue Form              Tmut/Erth      Unusable   N/A       N/A         6

Dungeon Overview and Level Annotations

Branches:
Dungeon (12/15)            Temple (1/1) D:6            Lair (4/5) D:8
  Swamp (0/4) Lair:3       Spider (0/4) Lair:3          Orc (0/2) D:9
  Slime: Lair:4-5

Altars:
Ashenzari
Cheibriados
Dithmenos
Elyvilon
Fedhas
Gozag
Hepliaklqana
Kikubaaqudgha
Makhleb
Nemelex Xobeh
Okawaru
Qazlal
Ru
Sif Muna
Trog
Uskayaw
Vehumet
Wu Jian
Xom
Yredelemnul
Zin
The Shining One

Shops:
D:1 *   D:12 [

Annotations:
D:6 2 transporters
Lair:4 2 transporters, exclusion: oklob plant, Dutolum's ghost, journeyman AtFi


Innate Abilities, Weirdness & Mutations

You are immune to sickness and miasma.
Your stone body is resilient. (AC +10)
You are immune to poison.
Your large and strong wings let you fly.
You resist negative energy. (rN+)
You are resistant to electric shocks. (rElec)
You are resistant to unholy torment.
You are immune to petrification.


Message History

The blink frog hits you.
There are monsters nearby!
You feel a surge of power!
The stone arrow hits the polar bear!
The polar bear is heavily wounded.
The blink frog hits you but does no damage.
The blink frog misses you.
The polar bear bites you but does no damage.
The polar bear barely misses you. x2
There are monsters nearby!
You feel a surge of power!
The stone arrow hits the polar bear!
The polar bear is almost dead.
The blink frog hits you!
The blink frog blinks!
The polar bear bites you but does no damage.
The polar bear closely misses you.
The polar bear claws you but does no damage.
You feel a surge of power!
The stone arrow hits the polar bear!
You kill the polar bear!
Vehumet accepts your kill.
You feel your power returning. The blink frog misses you. x2
You feel a surge of power!
The stone arrow hits the blink frog!!
The blink frog is severely wounded.
The blink frog closely misses you.
You feel a surge of power!
The stone arrow misses the blink frog.
The blink frog blinks!
You feel a surge of power!
The stone arrow hits the blink frog!!
You kill the blink frog!
Vehumet accepts your kill.
You feel your power returning.
Your Spellcasting skill increases to level 11!
Things that are here:
a yak corpse; a yak corpse Marking area around an oklob plant as unsafe for travelling.
A cane toad comes into view.
There is a transporter here.
A cane toad is nearby!
A cane toad is nearby!
A cane toad is nearby!
You can't see any susceptible monsters within range! (Use Z to cast anyway.)
You can't see any susceptible monsters within range! (Use Z to cast anyway.) Are you sure you want to abandon this character and quit the game? (Confirm with "yes".)

##.~#.#..#
....##!##....##..#
#.~#.###.#.!##...#
#Ph~.~..~8##..###
. #~.....~##..##
..F #.###.##...##
....##.©.##..##†#
.....#####..#††##
..P....@....##†#
...#.........>†##
#.......#†##..#
........######..##
...#....# #....#
..#.#.... ##.### .
###.... ##....###
##... #.......#
.YY..YF.P#..###


You could see an oklob plant, a polar bear (asleep) and a cane toad (wandering).

Vanquished Creatures
  Fannar (D:10)
  2 catoblepae
  2 boulder beetles
  3 two-headed ogres
  A tengu warrior (D:12)
  A skyshark (Lair:4)
  3 skeletal warriors (D:12)
  A cyclops (D:12)
  Maurice (D:8)
  14 elephants
  2 black mambas (Lair:1)
  3 cane toads
  Maggie (D:6)
  2 torpor snails
  A rime drake (Lair:4)
  A gargoyle (D:12)
  An unseen horror (D:11)
  A komodo dragon (Lair:1)
  A tengu conjurer (D:12)
  4 trolls
  A polar bear (Lair:4)
  A tyrant leech (Lair:3)
  Grinder (D:3)
  25 blink frogs
  8 slime creatures (D:12)
  40 yaks
  A shadow (D:9)
  A vampire (D:11)
  A basilisk (Lair:1)
  3 fire bats (Lair:2)
  4 wyverns
  A steam dragon (Lair:1)
  3 vampire mosquitoes (D:11)
  2 two-headed ogre zombies (D:9)
  3 swamp worms (Lair:3)
  10 water moccasins
  Duvessa (D:6)
  An acid dragon (D:10)
  3 black bears
  4 orc warriors
  A sky beast (D:7)
  An ice beast (D:7)
  A centaur (D:12)
  2 ogres (D:5)
  9 wolves
  5 phantoms
  4 kobold brigands
  10 scorpions
  15 bullfrogs
  9 wights
  Dowan (D:6)
  18 killer bees
  A troll zombie (D:9)
  5 howler monkeys
  2 electric eels (D:8)
  A jelly (D:6)
  5 orc priests
  A gnoll bouda (D:5)
  12 hounds
  Jessica (D:2)
  Ijyb (D:3)
  3 iguanas
  8 orc wizards
  2 sleepcaps
  5 ogre zombies (D:9)
  Robin (D:2)
  5 gnolls
  7 adders
  A white imp (D:6)
  A worm (Lair:3)
  A dart slug (D:5)
  33 orcs
  10 ball pythons
  9 endoplasms
  5 giant cockroaches
  11 goblins
  13 hobgoblins
  4 jackals (D:1)
  17 kobolds
  4 quokkas
  7 bats
  4 frilled lizards
  2 goblin skeletons (D:9)
  2 goblin zombies (D:9)
  2 hobgoblin skeletons (D:9)
  2 hobgoblin zombies (D:9)
  4 orc skeletons (D:9)
  13 orc zombies (D:9)
  4 rats
445 creatures vanquished.

Vanquished Creatures (others)
  A human (D:3)
  A hound (D:6)
2 creatures vanquished.

Grand Total: 447 creatures vanquished

Notes
Turn   | Place    | Note
-------+----------+-------------------------------------------
     0 | D:1      | NoAnimeNoLife the Gargoyle Earth Elementalist began the
                  | quest for the Orb.
     0 | D:1      | Reached XP level 1. HP: 10/10 MP: 3/3
    52 | D:1      | Found Lagives's General Store.
   276 | D:1      | Reached XP level 2. HP: 15/15 MP: 3/5
   316 | D:1      | Reached skill level 1 in Conjurations
   316 | D:1      | Reached skill level 4 in Earth Magic
   387 | D:1      | Reached XP level 3. HP: 19/19 MP: 0/6
   978 | D:2      | Noticed Robin
  1111 | D:1      | Learned a level 3 spell: Stone Arrow
  1247 | D:2      | Reached XP level 4. HP: 24/24 MP: 5/8
  2059 | D:2      | Noticed Jessica
  2071 | D:2      | Killed Jessica
  2072 | D:2      | Reached XP level 5. HP: 28/28 MP: 5/9
  2399 | D:2      | Killed Robin
  2671 | D:3      | Reached skill level 5 in Earth Magic
  2994 | D:3      | Noticed Ijyb
  2995 | D:3      | Noticed Grinder
  3006 | D:3      | Killed Ijyb
  3022 | D:3      | Killed Grinder
  3023 | D:3      | Reached XP level 6. HP: 32/32 MP: 10/12
  3106 | D:3      | Found an ancient bone altar of Kikubaaqudgha.
  3106 | D:3      | Noticed a human
  3110 | D:3      | Killed a human
  3140 | D:3      | Found a hazy altar of Hepliaklqana.
  3141 | D:3      | Found a shimmering altar of Xom.
  3142 | D:3      | Noticed a spectral ugly thing
  3269 | D:3      | Found a faded altar of an unknown god.
  3421 | D:4      | Found a broken altar of Ashenzari.
  3560 | D:4      | Noticed a black bear
  3563 | D:4      | Killed a black bear
  3564 | D:4      | Reached skill level 6 in Earth Magic
  3564 | D:4      | Reached XP level 7. HP: 36/36 MP: 11/13
  3740 | D:4      | Found a snail-covered altar of Cheibriados.
  3857 | D:4      | Found a burning altar of Makhleb.
  4754 | D:5      | Entered Level 5 of the Dungeon
  4932 | D:5      | Reached skill level 5 in Conjurations
  5081 | D:5      | Reached skill level 5 in Spellcasting
  5081 | D:5      | Reached skill level 7 in Earth Magic
  5081 | D:5      | Reached XP level 8. HP: 41/41 MP: 15/15
  5852 | D:6      | Reached skill level 8 in Earth Magic
  5871 | D:6      | Noticed Maggie
  5882 | D:6      | Killed Maggie
  5883 | D:6      | Reached XP level 9. HP: 31/45 MP: 13/18
  6048 | D:6      | Found a transporter.
  6150 | D:6      | Found a stormy altar of Qazlal.
  6202 | D:6      | Noticed Duvessa
  6203 | D:6      | Noticed Dowan
  6215 | D:6      | Killed Duvessa
  6216 | D:6      | Reached skill level 9 in Earth Magic
  6218 | D:6      | Killed Dowan
  6354 | D:6      | Found a staircase to the Ecumenical Temple.
  6363 | Temple   | Entered the Ecumenical Temple
  6518 | Temple   | Became a worshipper of Vehumet
  6702 | D:6      | Found a transporter.
  7116 | D:7      | Reached skill level 10 in Earth Magic
  7479 | D:7      | Reached * piety under Vehumet
  7479 | D:7      | Offered knowledge of Kiss of Death by Vehumet.
  7572 | D:7      | Reached XP level 10. HP: 39/50 MP: 17/21
  7810 | D:7      | Found a glowing golden altar of the Shining One.
  8487 | D:8      | Noticed Maurice
  8658 | D:8      | Reached skill level 1 in Fighting
  8660 | D:8      | Reached skill level 1 in Armour
  8789 | D:8      | Reached ** piety under Vehumet
  8793 | D:8      | Offered knowledge of Searing Ray by Vehumet.
  8870 | D:8      | Found a staircase to the Lair.
  8911 | D:8      | Found a glowing silver altar of Zin.
  8927 | D:8      | Killed Maurice
  9058 | D:8      | Learned a level 3 spell: Mephitic Cloud
  9431 | D:9      | Found a staircase to the Orcish Mines.
  9443 | D:9      | Reached skill level 5 in Fighting
  9443 | D:9      | Reached skill level 5 in Armour
  9443 | D:9      | Offered knowledge of Momentum Strike by Vehumet.
  9576 | D:9      | Reached *** piety under Vehumet
  9688 | D:9      | Reached XP level 11. HP: 64/64 MP: 22/22
  9690 | D:9      | Offered knowledge of Volatile Blastmotes by Vehumet.
 10219 | D:9      | Noticed a boulder beetle
 10229 | D:9      | Killed a boulder beetle
 10475 | D:10     | Entered Level 10 of the Dungeon
 10831 | D:10     | Reached **** piety under Vehumet
 10894 | D:10     | Reached skill level 1 in Evocations
 11048 | D:10     | Noticed Fannar
 11055 | D:10     | Killed Fannar
 11171 | D:10     | Noticed a two-headed ogre
 11174 | D:10     | Killed a two-headed ogre
 12485 | D:1      | Bought the ring "Mit Bijo" {MP+9 Int+4} for 495 gold pieces
 12485 | D:1      | Bought a scroll of fear for 56 gold pieces
 12485 | D:1      | Bought a scroll of identify for 28 gold pieces
 12485 | D:1      | Bought 2 scrolls of identify for 56 gold pieces
 12894 | D:11     | Identified the ring of Cesemerch {EV+5 Int+2}
 12975 | D:11     | Reached skill level 10 in Conjurations
 13287 | D:11     | Noticed a boulder beetle
 13295 | D:11     | Killed a boulder beetle
 13523 | D:12     | Reached XP level 12. HP: 73/73 MP: 16/23
 13542 | D:12     | Noticed a two-headed ogre
 13547 | D:12     | Killed a two-headed ogre
 13548 | D:12     | Reached skill level 5 in Evocations
 14039 | D:12     | Noticed a two-headed ogre
 14042 | D:12     | Found Giejang's Antique Armour Emporium.
 14044 | D:12     | Killed a two-headed ogre
 14201 | D:12     | Offered knowledge of Inner Flame by Vehumet.
 14202 | D:12     | Reached skill level 5 in Stealth
 14306 | D:12     | Noticed a tengu warrior
 14311 | D:12     | Killed a tengu warrior
 14690 | Lair:1   | Entered Level 1 of the Lair of Beasts
 14799 | Lair:1   | Noticed a catoblepas
 14808 | Lair:1   | Killed a catoblepas
 14942 | Lair:1   | Reached skill level 5 in Dodging
 15052 | Lair:1   | Reached skill level 11 in Earth Magic
 15183 | Lair:1   | Reached XP level 13. HP: 69/78 MP: 25/25
 15363 | Lair:1   | Reached skill level 12 in Earth Magic
 15454 | Lair:1   | Reached ***** piety under Vehumet
 15673 | Lair:1   | Offered knowledge of Eringya's Noxious Bog by Vehumet.
 16104 | Lair:2   | Reached skill level 13 in Earth Magic
 16508 | Lair:2   | Identified a scroll of acquirement
 16511 | Lair:2   | Acquired the +1 buckler of Indecent Exposure {Harm Will+
                  | Str-3 Slay+2}
 16790 | Lair:2   | Learned a level 5 spell: Lee's Rapid Deconstruction
 17089 | Lair:3   | Found a hole to the Spider Nest.
 17127 | Lair:3   | Reached skill level 10 in Spellcasting
 17132 | Lair:3   | Found a staircase to the Swamp.
 17203 | Lair:3   | Got Sif Muna's Quarto of Spectral Forms
 17299 | Lair:3   | Reached skill level 14 in Earth Magic
 18393 | Lair:4   | Noticed Dutolum's ghost (journeyman AtFi)
 18397 | Lair:4   | Found a transporter.
 18401 | Lair:4   | Gained mutation: Your large and strong wings let you fly.
                  | [Gargoyle growth]
 18401 | Lair:4   | Reached XP level 14. HP: 83/83 MP: 28/28
 18409 | Lair:4   | Found a transporter.
 18514 | Lair:4   | Quit the game

Illustrated notes

Levels and vault maps discovered:
D:1:      ncdulo_wetmaze, layout_rooms, serial_shops, shop
D:2:      cheibrodos_helix_gallery, layout_rooms, uniq_jessica, uniq_robin
D:3:      layout_loops_ring, tgw_kikubaaqudgha, regret_index_temple_of_mockery,
          serial_forest, infiniplex_forest_lined_3, infiniplex_forest_end_2,
          infiniplex_forest_lined_2, infiniplex_forest_lined_room_2,
          infiniplex_forest_lined_room_, infiniplex_forest_lined_4_way,
          shapermc_ecumenical_altar_mp_vishouse, uniq_ijyb, uniq_grinder
D:4:      layout_layer_cave, general_overflow_altar, marbit_many_paths,
          mainiacjoe_overflow_catwalk, kennysheep_doodads
D:5:      layout_basic, minmay_diced_spiral
D:6:      gammafunk_steamed_eel, layout_basic, mainiacjoe_overflow_tiny_flanked,
          minmay_temple_entry_antechambers, kennysheep_generic_room_16,
          uniq_duvessa, uniq_maggie
D:7:      layout_basic, nicolae_tso_swordbearing_angel, minmay_statues_item,
          st_stairs_8
D:8:      layout_cave_pools, zin_academy, erik_lair_island, uniq_maurice
D:9:      layout_basic, zombieorc2_lemuel, patterned_corridor
D:10:     layout_layer_cave, hex_large, chequers_serial_rivers_large_a,
          uniq_fannar
D:11:     layout_small_grid
D:12:     layout_irregular_city, serial_shops, shop
Temple:   hellmonk_temple_forest_ring
Lair:1:   layout_roguey, lemuel_fruit_tree, grunt_megastairs_5
Lair:2:   layout_long_grid, nicolae_volcano_entry_batcave
Lair:3:   beast_lair_carwin_large_3, layout_long_grid, minmay_swamp_entry_worms,
          nicolae_spider_entry_non_spiders, infiniplex_staircase_pool_2
Lair:4:   layout_layer_cave, slime_entry_2, nzn_ghost_randoct, basic_altar,
          minmay_shattered_shrine

Skill      XL: |  1  2  3  4  5  6  7  8  9 10 11 12 13 14 |
---------------+-------------------------------------------+-----
Conjurations   | 1 2 3 4 5 6 8 9 10 11 | 11.1
Earth Magic    | 4 5 6 7 8 10 11 14 | 14.8
Spellcasting   | 3 4 5 6 7 8 10 11 | 11.0
Fighting       | 5 7 |  7.6
Armour         | 5 7 |  7.6
Evocations     | 4 5 |  5.4
Dodging        | 5 |  5.0
Stealth        | 7 |  7.2
Transmutations | |  0.7

Action                     |  1- 3 |  4- 6 |  7- 9 | 10-12 | 13-15 || total
---------------------------+-------+-------+-------+-------+-------++-------
  Melee: Flail             |     6 |     2 |     5 |       |       ||    13
         Rapier            |       |       |     3 |       |       ||     3
         Staff             |       |       |       |    19 |     6 ||    25
         Punch             |       |       |       |     1 |       ||     1
   Cast: Sandblast         |    46 |    77 |    42 |    10 |       ||   175
         Stone Arrow       |       |       |   128 |   395 |   247 ||   770
         Mephitic Cloud    |       |       |       |     1 |     2 ||     3
         Lee's Rapid Decon |       |       |       |       |     5 ||     5
  Evoke: Wand              |       |       |     2 |     3 |       ||     5
    Use: Scroll            |     2 |     3 |       |    14 |     4 ||    23
         Potion            |       |     3 |       |       |       ||     3
 Armour: Robe              |    10 |    24 |    34 |       |       ||    68
         Acid dragon scale |       |       |     6 |   130 |    99 ||   235
  Dodge: Dodged            |    17 |    24 |    45 |   154 |   146 ||   386
  Block: Buckler           |       |       |       |       |    17 ||    17

Table legend: (Time is in decaauts)
 A = Elapsed time spent in this place.
 B = Non-inter-level travel time spent in this place.
 C = Inter-level travel time spent in this place.
 D = Time resting spent in this place.
 E = Time spent auto-exploring this place.
 F = Levels seen in this place.
 G = Mean time per level.
                   A        B        C        D        E       F      G
               +--------+--------+--------+--------+--------+-----+--------+
         Total |  18682 |  16870 |   1812 |   1760 |  12612 |  17 | 1098.9 |
       Dungeon |  14670 |  13011 |   1659 |   1615 |   9498 |  12 | 1222.5 |
        Temple |    170 |    143 |     27 |      0 |    132 |   1 |  170.0 |
          Lair |   3841 |   3716 |    125 |    145 |   2982 |   4 |  960.2 |
               +--------+--------+--------+--------+--------+-----+--------+

Top non-repeatable levels by time:
     D:7: 1747 daAuts
     D:9: 1580 daAuts
    D:10: 1566 daAuts
     D:2: 1543 daAuts
     D:4: 1434 daAuts
  Lair:1: 1388 daAuts
     D:1: 1206 daAuts
     D:5: 1194 daAuts
    D:12: 1170 daAuts
  Lair:3: 949 daAuts
  Lair:2: 934 daAuts
     D:6: 921 daAuts
     D:3: 890 daAuts
    D:11: 736 daAuts
     D:8: 679 daAuts
